 Dungeon Crawl Stone Soup version 0.19-a0-854-gc78d25d (webtiles) character file.

231 matakusis the Covert (level 6, 0/49 HPs)
             Began as a Naga Enchanter on July 1, 2016.
             Slain by a gnoll
             ... wielding a +0 club
              (7 damage)
             ... on level 2 of the Dungeon.
             The game lasted 00:08:02 (1307 turns).

matakusis the Covert (Naga Enchanter)               Turns: 1307, Time: 00:08:02

Health: 0/49       AC:  7    Str: 10    XL:     6   Next: 4%
Magic:  3/10       EV: 10    Int: 16    God:
Gold:   92         SH:  2    Dex: 13    Spells: 3 memorised, 3 levels left

rFire  . . .     SeeInvis +     a - +1 dagger
rCold  . . .     Gourm    .     b - +1 robe
rNeg   . . .     Faith    .     (no shield)
rPois  +         Spirit   .     (no helmet)
rElec  .         Dismiss  .     (no cloak)
rCorr  .         Reflect  .     i - +0 pair of gloves
SustAt .         Harm     .     (no barding)
MR     .....     Clarity  +     (no amulet)
Stlth  ++++......               (no ring)
                                (no ring)

@: very slightly contaminated, very slow, not resistant to hostile enchantments,
stealthy
A: large bone plates 1, see invisible, clarity, deformed body, poison
resistance, screaming 1, slowness 2, slow metabolism 1, spit poison 2, AC +2
a: Spit Poison


You were on level 2 of the Dungeon.
You were not hungry.

You visited 1 branch of the dungeon, and saw 2 of its levels.

You collected 92 gold pieces.

Inventory:

Hand Weapons
 a - a +1 dagger (weapon)
Armour
 b - a +1 robe (worn)
 i - a +0 pair of gloves (worn)
Scrolls
 f - 3 scrolls of teleportation {unknown}
 g - 2 scrolls of identify
Potions
 j - a potion of invisibility {unknown}
Books
 c - a book of Maledictions

   Spells                             Type                      Level
   a - Corona                         Hexes                        1
   b - Ensorcelled Hibernation        Hexes/Ice                    2
   c - Confuse                        Hexes                        3
   d - Tukima's Dance                 Hexes                        3
   e - Dazzling Spray                 Conjuration/Hexes            3
Comestibles
 d - 2 bread rations
 k - 2 chunks of flesh
 m - 2 meat rations


   Skills:
 + Level 1.4 Short Blades
 - Level 1.5 Dodging
 * Level 8.3 Stealth
 + Level 2.8 Spellcasting
 + Level 3.9 Hexes


You had 3 spell levels left.
You knew the following spells:

 Your Spells              Type           Power        Failure   Level  Hunger
a - Corona                Hex            ##.....      4%          1    #......
b - Confuse               Hex            ##......     12%         3    ###....
c - Tukima's Dance        Hex            ##......     12%         3    ###....


Dungeon Overview and Level Annotations

Branches:
Dungeon (2/15)

Altars:


Innate Abilities, Weirdness & Mutations

You cannot wear boots.
Your serpentine skin is tough. (AC +2)
You have supernaturally acute eyesight. (SInv)
Armour fits poorly on your strangely shaped body.
Your system is resistant to poisons. (rPois)
You cover ground very slowly.
You have a slow metabolism.
You can spit poison.
You are partially covered in large bone plates. (AC +2, SH +2)
You possess an exceptional clarity of mind.
You occasionally shout uncontrollably at your foes.


Message History

The gnoll hits you but does no damage. x2
The gnoll hits you with a club.
* * * LOW HITPOINT WARNING * * *
The gnoll hits you with a club.
* * * LOW HITPOINT WARNING * * *
Casting: Confuse
Confirm with . or Enter, or press ? or * to list all spells.
Aiming: Confuse
Press: ? - help, Shift-Dir - straight line, f/p - gnoll
Aim: a gnoll, wielding a club (lightly wounded, chance to defeat MR: 53%)
The gnoll appears confused.
The gnoll hits you from afar with a spear.
* * * LOW HITPOINT WARNING * * *
The gnoll closely misses the gnoll.
The gnoll screams, "I'll kill you anyway!"
You feel a bit more experienced. The gnoll hits you with a club.
* * * LOW HITPOINT WARNING * * *
The gnoll hits you with a club!
You die...

#.......# #.##.#
#.###...###.##.#
...............#
### ####.....####
... #..#### #.#
#..# #.# #.##
#.#.####g#
#.#....@.#
##########.######.#
..................#
#######.......#####
# #######.# #.# #.#
#.# #.#


You could see a gnoll.

Vanquished Creatures
  Sigmund (D:2)
  2 gnolls (D:2)
  2 adders (D:2)
  A giant gecko (D:1)
  3 bats (D:1)
  A giant cockroach (D:1)
  4 goblins (D:1)
  5 hobgoblins
  A quokka (D:2)
  A giant newt (D:1)
  4 kobolds
  5 rats
30 creatures vanquished.

Notes
Turn   | Place    | Note
-------+----------+-------------------------------------------
     0 | D:1      | matakusis the Naga Enchanter began the quest for the Orb.
     0 | D:1      | Reached XP level 1. HP: 15/15 MP: 3/3
   250 | D:1      | Reached XP level 2. HP: 22/22 MP: 1/5
   323 | D:1      | Reached skill level 5 in Stealth
  1040 | D:2      | Reached XP level 3. HP: 28/28 MP: 4/6
  1062 | D:2      | Learned a level 3 spell: Confuse
  1135 | D:2      | Noticed Sigmund
  1149 | D:2      | Killed Sigmund
  1149 | D:2      | Reached skill level 8 in Stealth
  1149 | D:2      | Reached XP level 4. HP: 31/36 MP: 1/8
  1149 | D:2      | Reached XP level 5. HP: 36/42 MP: 1/9
  1166 | D:2      | Learned a level 3 spell: Tukima's Dance
  1207 | D:2      | Gained mutation: You are partially covered in large bone plates. (AC +2, SH +2) [potion of mutation]
  1207 | D:2      | Gained mutation: You occasionally shout uncontrollably at your foes. [potion of mutation]
  1207 | D:2      | Gained mutation: You possess an exceptional clarity of mind. [potion of mutation]
  1207 | D:2      | HP: 2/42 [gnoll/halberd (5)]
  1244 | D:2      | Reached XP level 6. HP: 7/49 MP: 2/10
  1307 | D:2      | Slain by a gnoll

Vault maps used:
D:1:      minmay_arrival_solitary_statue
D:2:      kennysheep_goblin_castle, ecumenical_altar_2, fountainhead,
          roderic_lattice_a, uniq_sigmund

Skill      XL: |  1  2  3 |
---------------+----------+-----
Stealth        | 5 8 |  8.3
Short Blades   | |  1.4
Dodging        | |  1.5
Spellcasting   | |  2.8
Hexes          | |  3.9

Action                   |  1- 3 |  4- 6 || total
-------------------------+-------+-------++-------
Melee: Dagger            |    69 |    16 ||    85
 Cast: Corona            |    13 |       ||    13
       Confuse           |     1 |     6 ||     7
 Abil: Spit Poison       |     7 |     3 ||    10
  Use: Potion            |       |     1 ||     1
       Scroll            |       |     3 ||     3
 Stab: Sleeping          |     8 |       ||     8
       Distracted        |     1 |       ||     1
       Confused          |     2 |     1 ||     3
  Eat: Chunk             |     1 |     1 ||     2
Armor: Robe              |     9 |     8 ||    17
Dodge: Dodged            |    34 |    11 ||    45
